 Dungeon Crawl Stone Soup version 0.21-a0-140-g479285b (webtiles) character file.

8227 kuniqs the Archer (level 11, -6/74 HPs)
             Began as a Centaur Fire Elementalist on July 20, 2017.
             Was a Priest of Vehumet.
             Mangled by a centaur warrior
             ... wielding a cursed -1 shortbow
              (8 damage)
             ... on level 10 of the Dungeon.
             The game lasted 00:22:34 (11874 turns).

kuniqs the Archer (Centaur Fire Elementalist)      Turns: 11874, Time: 00:22:34

Health: -6/74      AC:  5    Str: 12    XL:     11   Next: 7%
Magic:  17/24      EV:  9    Int: 17    God:    Vehumet [***...]
Gold:   684        SH:  3    Dex:  9    Spells: 1/16 levels left

rFire    . . .     SeeInvis +   v - +0 shortbow
rCold    . . .     Gourm    .   (shield currently unavailable)
rNeg     . . .     Faith    .   K - +0 robe {MR+}
rPois    .         Spirit   .   (no helmet)
rElec    .         Reflect  +   (no cloak)
rCorr    .         Harm     .   G - +0 pair of gloves
MR       +....                  (no barding)
Stlth    +.........             x - +3 amulet of reflection
HPRegen  0.22/turn              a - ring of see invisible
MPRegen  0.19/turn              r - ring of magical power

@: very quick
A: hooves 3, deformed body, speed 2, tough skin 3
a: Renounce Religion


You were on level 10 of the Dungeon.
You worshipped Vehumet.
Vehumet was most pleased with you.
You were very hungry.

You visited 2 branches of the dungeon, and saw 11 of its levels.
You also visited: Sewer and Ossuary.

You collected 684 gold pieces.

Inventory:

Hand Weapons
 v - a +0 shortbow (weapon)
Missiles
 o - 139 arrows (quivered)
Armour
 G - a +0 pair of gloves (worn)
 K - a +0 robe of magic resistance (worn)
Magical Staves
 D - an uncursed staff of energy
Jewellery
 a - a ring of see invisible (left hand)
 l - an uncursed ring of protection from fire
 r - a ring of magical power (right hand)
 x - a +3 amulet of reflection (around neck)
Wands
 c - a wand of enslavement (10/24)
 B - a wand of confusion (14/48)
 F - a wand of iceblast (3/15)
Scrolls
 f - 10 scrolls of identify {@r1}
 i - 5 scrolls of remove curse {@r2}
 n - 2 scrolls of vulnerability {unknown}
 p - a scroll of magic mapping {unknown}
 y - 5 scrolls of teleportation
 z - a scroll of enchant weapon {unknown}
 A - 2 scrolls of enchant armour {unknown}
 E - 2 scrolls of random uselessness {unknown}
 H - a scroll of blinking {unknown}
 I - a scroll of amnesia {unknown}
 N - a scroll of fog {unknown}
Potions
 g - 6 potions of flight
 h - 6 potions of curing {@q1}
 j - a potion of invisibility {unknown}
 k - 3 potions of brilliance
 m - 3 potions of lignification {unknown}
 q - 5 potions of heal wounds
 t - 5 potions of agility
 w - a potion of ambrosia {unknown}
 C - 2 potions of berserk rage {unknown}
 J - a potion of resistance {unknown}
 L - a potion of haste {unknown}
 M - 2 potions of mutation {unknown}
 O - a potion of cancellation {unknown}
Books
 b - a book of Flames

   Spells                             Type                      Level
   a - Flame Tongue                   Conjuration/Fire             1
   b - Throw Flame                    Conjuration/Fire             2
   c - Conjure Flame                  Conjuration/Fire             3
   d - Inner Flame                    Hexes/Fire                   3
   e - Sticky Flame                   Conjuration/Fire             4
   f - Fireball                       Conjuration/Fire             5
 u - a book of Callings

   Spells                             Type                      Level
   a - Summon Small Mammal            Summoning                    1
   b - Call Imp                       Summoning                    2
   c - Call Canine Familiar           Summoning                    3
   d - Summon Guardian Golem          Hexes/Summoning              3
   e - Summon Lightning Spire         Summoning/Air                4
   f - Summon Ice Beast               Ice/Summoning                4
Comestibles
 d - 10 bread rations
 e - 6 meat rations
 s - a royal jelly


   Skills:
 + Level 10.8 Bows
 - Level 1.3 Dodging
 - Level 1.1 Stealth
 - Level 3.0 Spellcasting
 + Level 9.4 Conjurations
 + Level 10.0 Fire Magic


You had one spell level left.
You knew the following spells:

 Your Spells              Type           Power        Failure   Level  Hunger
a - Flame Tongue          Conj/Fire      #####        1%          1    None
b - Throw Flame           Conj/Fire      #####.       1%          2    ##.....
c - Conjure Flame         Conj/Fire      #####...     1%          3    ###....
d - Sticky Flame          Conj/Fire      #####...     1%          4    ####...
e - Fireball              Conj/Fire      #####.....   2%          5    ######.


Dungeon Overview and Level Annotations

Branches:
Dungeon (10/15)            Temple (1/1) D:6
   Lair: D:8-11         Orc: D:9-12

Altars:
Ashenzari
Cheibriados
Dithmenos
Fedhas
Gozag
Makhleb
Nemelex Xobeh
Okawaru
Ru
Sif Muna
Trog
Vehumet
Wu Jian
Xom
Yredelemnul
Zin
The Shining One

Annotations:
D:4 kuniqs's ghost, novice CeFE


Innate Abilities, Weirdness & Mutations

You have hooves in place of feet.
Armour fits poorly on your strangely shaped body.
You cover ground very quickly.
You have extremely tough skin. (AC +3)


Message History

The centaur warrior burns!
The centaur warrior hits you with a shortbow.
* * * LOW HITPOINT WARNING * * *
Aim: a centaur warrior, wielding a shortbow (moderately wounded, covered in liquid flames)
The flame tongue hits the centaur warrior.
The centaur warrior appears unharmed.
The centaur warrior burns!
The centaur warrior hits you with a shortbow!
* * * LOW HITPOINT WARNING * * *
Aim: a centaur warrior, wielding a shortbow (moderately wounded, covered in liquid flames)
The flame tongue hits the centaur warrior.
The centaur warrior burns!
The centaur warrior hits you with a shortbow!
* * * LOW HITPOINT WARNING * * *
The centaur warrior hits you with a shortbow.
* * * LOW HITPOINT WARNING * * *
Aim: a centaur warrior, wielding a shortbow (heavily wounded, covered in liquid flames)
The flame tongue hits the centaur warrior.
The centaur warrior appears unharmed.
The centaur warrior burns!
The centaur warrior hits you with a shortbow!
You die...

#.................)..#
##....................#
.....................##
#.................##
#..............##
###..........###
####......## ###..###
#@## #c## ##c# #.##
#..# ##.# #.# ... .....


You could see a centaur warrior (burning) and a centaur.

Vanquished Creatures
  A two-headed ogre (D:9)
  A polar bear (D:8)
  A troll (D:9)
  3 hippogriffs
  A spriggan (D:7)
  11 yaks
  2 wraiths (Ossuary)
  A hungry ghost (D:6)
  Menkaure (D:5)
  Duvessa (D:5)
  6 ice beasts
  A black bear (D:6)
  2 orc warriors
  A sky beast (D:7)
  6 ogres
  A phantom (D:8)
  2 centaurs
  5 big kobolds
  Blork the orc (D:5)
  2 bullfrogs
  A wyvern skeleton (D:7)
  2 scorpions
  Dowan (D:5)
  A water moccasin skeleton (D:5)
  5 killer bees
  6 wights
  A bullfrog zombie (D:9)
  4 crimson imps
  4 jellies
  5 orc priests
  3 bullfrog skeletons
  3 hounds
  3 orc wizards
  2 iguanas
  8 worker ants
  2 hound skeletons
  A mummy (D:6)
  A worker ant zombie (D:5)
  4 gnolls (D:7)
  A howler monkey skeleton (D:8)
  8 adders
  2 shadow imps
  An adder skeleton (D:5)
  A worm (D:4)
  2 dart slugs (D:2)
  9 leopard geckos
  28 orcs
  11 bats
  6 giant cockroaches
  3 goblins
  9 hobgoblins
  5 quokkas
  5 ball pythons
  7 frilled lizards
  A goblin zombie (D:6)
  A hobgoblin skeleton (Ossuary)
  2 hobgoblin zombies (Ossuary)
  43 kobolds
  A kobold zombie (Ossuary)
  2 orc skeletons (Ossuary)
  4 orc zombies
  7 rats
266 creatures vanquished.

Vanquished Creatures (collateral kills)
  A killer bee (D:8)
1 creature vanquished.

Grand Total: 267 creatures vanquished

Notes
Turn   | Place    | Note
-------+----------+-------------------------------------------
     0 | D:1      | kuniqs the Centaur Fire Elementalist began the quest for the Orb.
     0 | D:1      | Reached XP level 1. HP: 14/14 MP: 3/3
    23 | D:1      | Reached skill level 1 in Conjurations
   546 | D:1      | Reached XP level 2. HP: 20/20 MP: 2/4
   550 | D:1      | Learned a level 2 spell: Throw Flame
  1173 | D:2      | Reached XP level 3. HP: 26/26 MP: 1/5
  2128 | D:2      | Reached XP level 4. HP: 23/33 MP: 1/7
  2718 | D:3      | Found an opulent altar of Gozag.
  2744 | D:3      | Found a glowing drain.
  2817 | Sewer    | Entered a sewer
  2833 | Sewer    | Noticed a big kobold
  2866 | Sewer    | Killed a big kobold
  2866 | Sewer    | Reached XP level 5. HP: 26/38 MP: 4/9
  3192 | Sewer    | Reached XP level 6. HP: 35/45 MP: 6/10
  3239 | Sewer    | Learned a level 3 spell: Conjure Flame
  3606 | D:3      | Found a basalt altar of Yredelemnul.
  3632 | D:3      | Found a deep blue altar of Sif Muna.
  3933 | D:4      | Found an iron altar of Okawaru.
  4265 | D:4      | Reached skill level 5 in Fire Magic
  4426 | D:4      | Noticed kuniqs's ghost (novice CeFE)
  4441 | D:5      | Entered Level 5 of the Dungeon
  4460 | D:5      | Reached XP level 7. HP: 42/50 MP: 11/11
  4708 | D:5      | Noticed Menkaure
  4711 | D:5      | Killed Menkaure
  4767 | D:5      | Reached skill level 5 in Conjurations
  4955 | D:5      | Noticed Blork the orc
  4963 | D:5      | Killed Blork the orc
  4963 | D:5      | Reached skill level 1 in Bows
  4963 | D:5      | Reached XP level 8. HP: 54/57 MP: 12/12
  4970 | D:5      | Noticed Dowan
  5010 | D:5      | Killed Dowan
  5034 | D:5      | Noticed Duvessa
  5118 | D:5      | Killed Duvessa
  5193 | D:5      | Identified the +3 robe of the Empire {Str+4} (You found it on level 5 of the Dungeon)
  5950 | D:6      | Found a sand-covered staircase.
  5969 | Ossuary  | Entered an ossuary
  6057 | Ossuary  | Noticed a flying skull
  6097 | Ossuary  | Noticed a flying skull
  6340 | Ossuary  | Reached skill level 5 in Bows
  6454 | Ossuary  | Reached XP level 9. HP: 62/62 MP: 13/13
  6737 | D:6      | Found a sparkling altar of Nemelex Xobeh.
  7169 | D:6      | Found a shadowy altar of Dithmenos.
  7369 | D:6      | Found a staircase to the Ecumenical Temple.
  7410 | Temple   | Entered the Ecumenical Temple
  7479 | Temple   | Became a worshipper of Vehumet
  7892 | D:7      | Learned a level 4 spell: Sticky Flame
  8587 | D:7      | Found a shimmering altar of Xom.
  8725 | D:7      | Found a sacrificial altar of Ru.
  8735 | D:7      | Found a glowing golden altar of the Shining One.
  8737 | D:7      | Found a snail-covered altar of Cheibriados.
  8740 | D:7      | Found a bloodstained altar of Trog.
  8983 | D:8      | Noticed a polar bear
  8995 | D:7      | Reached * piety under Vehumet
  8995 | D:7      | Offered knowledge of Shock by Vehumet.
  9296 | D:8      | Reached XP level 10. HP: 69/69 MP: 13/14
  9972 | D:8      | Found a shimmering altar of Xom.
  9988 | D:8      | Found an ornate altar of the Wu Jian Council.
 10132 | D:8      | Found a sparkling altar of Nemelex Xobeh.
 10492 | D:9      | Offered knowledge of Sandblast by Vehumet.
 10505 | D:9      | Reached ** piety under Vehumet
 10514 | D:9      | Learned a level 5 spell: Fireball
 10584 | D:9      | Noticed a two-headed ogre
 10611 | D:9      | Killed a two-headed ogre
 10611 | D:9      | Reached skill level 10 in Bows
 11176 | D:9      | Found a burning altar of Makhleb.
 11178 | D:9      | Found a glowing silver altar of Zin.
 11178 | D:9      | Noticed an angel
 11179 | D:9      | Noticed a balrug
 11470 | D:9      | Offered knowledge of Static Discharge by Vehumet.
 11470 | D:9      | Reached XP level 11. HP: 58/74 MP: 7/15
 11581 | D:10     | Entered Level 10 of the Dungeon
 11637 | D:10     | Reached *** piety under Vehumet
 11649 | D:10     | Reached skill level 10 in Fire Magic
 11856 | D:10     | Noticed a centaur warrior
 11873 | D:10     | HP: 3/74 [centaur warrior/shortbow (7)]
 11873 | D:10     | HP: 1/74 [centaur warrior/shortbow (2)]
 11874 | D:10     | Mangled by a centaur warrior

Vault maps used:
D:1:      minmay_arrival_open_corners
D:2:      kennysheep_another_room
D:3:      nicolae_overflow_hidden_temple, gup_sewer_entry_pipe, first_bread
D:4:      okawaru_ov_weapons_minmay
D:5:      grunt_ministairs_7, uniq_blork_the_orc, uniq_duvessa, uniq_menkaure
D:6:      nemelex_xobeh_ov_fountains_minmay, minmay_temple_entry_nine_rooms,
          basic_altar, nicolae_ossuary_entry_giza
D:7:      minitemple, the_bakery, st_stairs_10, roderic_roman_lattice, tgw_xom
D:8:      kennysheep_mini, nicolae_overflow_crystal_walls, serial_ice,
          serial_ice_h, serial_ice_a, serial_ice_o, serial_ice_e,
          nemelex_spade_bored_becter
D:9:      grunt_temple_overflow_order_and_chaos_2
D:10:     david_orc_2
Temple:   nicolae_temple_figure_zero
Sewer:    kennysheep_pipe_town
Ossuary:  ossuary_due_cavern

Skill      XL: |  1  2  3  4  5  6  7  8  9 10 11 |
---------------+----------------------------------+-----
Conjurations   | 1 2 4 5 6 7 9 |  9.4
Fire Magic     | 3 4 5 6 7 8 9 10 | 10.0
Spellcasting   | 2 3 |  3.0
Bows           | 1 5 8 10 | 10.8
Dodging        | |  1.3
Stealth        | |  1.1

Action                   |  1- 3 |  4- 6 |  7- 9 | 10-12 || total
-------------------------+-------+-------+-------+-------++-------
Melee: Unarmed           |    51 |     5 |       |       ||    56
       Kick              |     7 |     2 |     3 |       ||    12
       Dagger            |       |    17 |    15 |       ||    32
 Fire: Shortbow          |       |       |   132 |    95 ||   227
 Cast: Flame Tongue      |    72 |   138 |   301 |   193 ||   704
       Conjure Flame     |       |       |     8 |    10 ||    18
       Sticky Flame      |       |       |     8 |     3 ||    11
       Throw Flame       |       |       |     5 |     3 ||     8
Evoke: Wand              |       |       |     1 |       ||     1
  Use: Scroll            |       |       |     5 |       ||     5
       Potion            |       |       |     5 |       ||     5
  Eat: Chunk             |     4 |     7 |    13 |     9 ||    33
Armor: Robe              |    41 |    21 |    38 |    34 ||   134
Dodge: Dodged            |    48 |    40 |    60 |    39 ||   187
